 Dungeon Crawl Stone Soup version 0.21-a0-536-gdbbf329 (webtiles) character file.

63 slep the Chopper (level 3, -2/28 HPs)
             Began as a Demonspawn Gladiator on Dec 14, 2017.
             Was an Initiate of Okawaru.
             Killed from afar by an orc wizard (7 damage)
             ... with a magic dart
             ... on level 2 of the Dungeon.
             The game lasted 00:04:15 (1329 turns).

slep the Chopper (Demonspawn Gladiator)             Turns: 1329, Time: 00:04:15

Health: -2/28      AC: 12    Str: 14    XL:     3   Next: 87%
Magic:  3/3        EV:  7    Int:  9    God:    Okawaru [......]
Gold:   44         SH:  0    Dex: 15    Spells: 2/2 levels left

rFire    . . .     SeeInvis .   a - +0 war axe
rCold    . . .     Gourm    .   (no shield)
rNeg     . . .     Faith    .   h - +3 chain mail
rPois    .         Spirit   .   c - +0 helmet
rElec    .         Reflect  .   (no cloak)
rCorr    .         Harm     .   (no gloves)
MR       .....                  (no boots)
Stlth    ..........             (no amulet)
HPRegen  0.09/turn              (no ring)
MPRegen  0.08/turn              (no ring)

@: hasted, very quick
A: nightstalker 1
a: Renounce Religion


You were on level 2 of the Dungeon.
You worshipped Okawaru.
Okawaru was noncommittal.
You were hungry.

You visited 1 branch of the dungeon, and saw 2 of its levels.

You collected 44 gold pieces.

Inventory:

Hand Weapons
 a - a +0 war axe (weapon)
Missiles
 d - 3 throwing nets (quivered)
Armour
 b - a +0 leather armour
 c - a +0 helmet (worn)
 h - a +3 chain mail (worn)
Scrolls
 g - a scroll of remove curse {unknown}
Potions
 l - a potion of curing {unknown}
Books
 j - a book of Misfortune

   Spells                             Type                      Level
   a - Confusing Touch                Hexes                        1
   b - Confuse                        Hexes                        3
   c - Gell's Gravitas                Translocation                3
   d - Petrify                        Transmutation/Earth          4
   e - Metabolic Englaciation         Hexes/Ice                    5
   f - Yara's Violent Unravelling     Hexes/Transmutation          5
Comestibles
 f - a bread ration


   Skills:
 + Level 2.6 Fighting
 + Level 3.3 Axes
 + Level 1.9 Throwing
 + Level 1.2 Armour
 + Level 3.0 Dodging
 + Level 0.1 Stealth


You had 2 spell levels left.
You didn't know any spells.

Dungeon Overview and Level Annotations

Branches:
Dungeon (2/15)

Altars:
Okawaru


Innate Abilities, Weirdness & Mutations

You are slightly more attuned to the shadows.


Message History

You hit something. Something hits you.
You miss something.
You hear some strange, mumbled words.
Something tries to affect you, but you resist.
Something hits you.
* * * LOW HITPOINT WARNING * * *
You barely miss something. Something hits you.
* * * LOW HITPOINT WARNING * * *
You closely miss something.
Something hits you but does no damage. x2
It was a potion of magic.
Magic courses through your body. Something hits you but does no damage.
It was a potion of haste.
You feel yourself speed up. Something hits you but does no damage.
Your chain mail prevents you from hitting something.
You miss something. Something hits you but does no damage.
You closely miss something.
You hear some strange, mumbled words.
A magic dart appears from out of thin air!
The magic dart hits you!
You die...

#.# #.# #.#
#.# #.# #.#
#.#
..#######.#
...oo{@...#
###########


You could see 2 orcs.

Vanquished Creatures
  3 gnolls
  A dart slug (D:1)
  3 leopard geckos
  3 giant cockroaches
  5 hobgoblins
  3 bats
  2 frilled lizards (D:1)
  2 goblins
  6 kobolds
  2 rats (D:1)
  A toadstool (D:1)
31 creatures vanquished.

Vanquished Creatures (others)
  4 jackals (D:2)
  6 toadstools (D:1)
10 creatures vanquished.

Grand Total: 41 creatures vanquished

Notes
Turn   | Place    | Note
-------+----------+-------------------------------------------
     0 | D:1      | slep the Demonspawn Gladiator began the quest for the Orb.
     0 | D:1      | Reached XP level 1. HP: 16/16 MP: 1/1
   215 | D:1      | Gained mutation: You are slightly more attuned to the shadows. [demonic ancestry]
   215 | D:1      | Reached XP level 2. HP: 8/22 MP: 2/2
   848 | D:2      | Found an iron altar of Okawaru.
   852 | D:2      | Became a worshipper of Warmaster Okawaru
   870 | D:1      | Reached XP level 3. HP: 8/28 MP: 3/3
  1094 | D:2      | Reached skill level 1 in Armour
  1329 | D:2      | Killed from afar by an orc wizard

Vault maps used:
D:1:      nagdon_arrival_zigzag_paths, serial_corexii_hall,
          corexii_hall_statues_l, corexii_hall_statues_t,
          corexii_hall_statues_t, corexii_hall_statues_x
D:2:      fiery_altar_vehumet, first_bread, okawaru_gym_becter

Skill      XL: |  1  2  3 |
---------------+----------+-----
Dodging        | 3 |  3.0
Axes           | 3 |  3.3
Armour         | 1 |  1.2
Fighting       | |  2.6
Throwing       | |  1.9
Stealth        | |  0.1

Action                   || total
-------------------------++-------
Melee: War axe           ||   127
  Use: Potion            ||     2
 Stab: Sleeping          ||     1
  Eat: Chunk             ||     1
Armor: Leather armour    ||     7
       Chain mail        ||    68
Dodge: Dodged            ||    71

Table legend:
 A = Spawn XP
 B = Non-spawn XP
 C = Spawn XP percentage of total XP
 D = Spawn monster count
 E = Non-spawn monster count
 F = Spawn count percentage of total count
 G = Total turns spent on level
                    A         B        C        D         E        F      G
               +---------+---------+-------+---------+---------+-------+---------
         Total |       0 |      90 |   0.0 |       0 |      30 |   0.0 |  1329
               +---------+---------+-------+---------+---------+-------+---------
           D:1 |       0 |      46 |   0.0 |       0 |      20 |   0.0 |  1031
           D:2 |       0 |      44 |   0.0 |       0 |      10 |   0.0 |   298
               +---------+---------+-------+---------+---------+-------+---------
